AoeStats
← 2306569865

Arena

508395261Analyzed
4v4 RM · 9d ago on Sep 22, 2026· 61m 37s· 8 players
Game mode
Random Map
Map size
Large (8 player)
Population
200
Speed
Normal
Resources
Standard
Victory
Conquest
Starting age
Dark Age
Ending age
Imperial Age
RankedLock teamsTeams togetherTeam positionsShared explorationLock speedFull tech treeHidden civsTurbo modeCheats
Victory
Defeat
🇧🇷 Turks · Brazil
631
+21
🇩🇪 Portuguese · Germany
523
+24
🇨🇳 Mongols · China
431
+27
🇨🇳 Wei · China
423
+27
🇨🇳 Poles · China
791
-27
🇹🇷 Saracens · Türkiye
733
-25
🇹🇼 Mongols · Taiwan
701
-24
🇨🇳 Turks · China
657
-23
Lady D Day
12:54 Feudal Age
14:15 Wheelbarrow
15:51 Horse Collar
21:43 Castle Age
20:38 Stone Mining
22:45 Hand Cart
22:22 Double-Bit Axe
23:49 Heavy Plow
26:01 Stone Shaft Mining
25:20 Gold Mining
30:21 Thumb Ring
29:37 Crossbowman
33:48 Caravan
41:11 Heated Shot
41:42 Ballistics
48:52 Imperial Age
47:49 Murder Holes
47:35 Treadmill Crane
48:07 Fortified Wall
49:11 Arbalester
51:29 Chemistry
50:47 Elite Organ Gun
51:50 Conscription
54:08 Arquebus
Ironkinghard
10:50 Feudal Age
11:16 Double-Bit Axe
11:11 Horse Collar
15:05 Wheelbarrow
19:02 Castle Age
17:15 Stone Mining
18:37 Scale Barding Armor
19:57 Bow Saw
19:49 Heavy Plow
26:35 Hand Cart
30:56 Imperial Age
28:54 Forging
31:43 Chain Barding Armor
32:38 Two-Man Saw
31:17 Elite Janissary
32:59 Plate Barding Armor
33:31 Husbandry
40:08 Bloodlines
40:40 Iron Casting
49:54 Fletching
56:54 Blast Furnace
55:49 Bodkin Arrow
2306569865
9:05 Feudal Age
8:16 Loom
10:28 Double-Bit Axe
17:17 Castle Age
16:19 Horse Collar
17:57 Wheelbarrow
18:36 Loom
22:12 Bow Saw
26:01 Stone Mining
26:03 Gold Mining
27:21 Heavy Plow
29:10 Thumb Ring
31:29 Stone Shaft Mining
33:29 Hand Cart
34:12 Caravan
34:37 Town Watch
35:21 Ballistics
41:47 Imperial Age
40:21 Town Patrol
40:36 Murder Holes
43:28 Parthian Tactics
44:03 Elite Mangudai
45:47 Padded Archer Armor
45:39 Fletching
47:27 Chemistry
47:56 Capped Ram
49:57 Leather Archer Armor
49:38 Bodkin Arrow
51:34 Hoardings
54:11 Gold Shaft Mining
53:18 Siege Ram
Elite Savage
ty pidoras
0:28 Loom
誰偷我的豬
0:43 Loom
10:14 Feudal Age
11:16 Double-Bit Axe
17:24 Castle Age
15:50 Horse Collar
18:39 Bow Saw
20:20 Heavy Plow
20:55 Pikeman
22:09 Squires
25:58 Wheelbarrow
33:06 Imperial Age
31:54 Hand Cart
31:47 Gold Mining
31:51 Stone Mining
33:13 Capped Ram
34:17 Fletching
34:21 Arson
ksffvbh
0:29 Loom
16:23 Feudal Age
18:34 Wheelbarrow
17:51 Double-Bit Axe
17:49 Horse Collar
18:02 Stone Mining
18:05 Gold Mining
21:14 Castle Age
22:13 Hand Cart
22:11 Bow Saw
22:04 Heavy Plow
25:28 Treadmill Crane
27:38 Scale Barding Armor
27:44 Forging
27:36 Husbandry
27:47 Bloodlines
26:57 Light Cavalry
29:39 Chain Barding Armor
29:55 Iron Casting
32:56 Imperial Age
34:26 Conscription
34:26 Lechitic Legacy
35:11 Blast Furnace
34:45 Town Watch
35:32 Town Patrol
36:15 Winged Hussar
43:11 Cavalier
43:59 Szlachta Privileges
1279332839
0:28 Loom
13:11 Feudal Age
15:30 Horse Collar
19:13 Double-Bit Axe
21:30 Castle Age
25:12 Heavy Plow
25:25 Bow Saw
25:14 Gold Mining
25:15 Stone Mining
28:00 Padded Archer Armor
32:45 Imperial Age
33:14 Wheelbarrow
32:27 Town Watch
37:31 Bloodlines
37:28 Husbandry
36:48 Heavy Camel Rider
38:38 Hand Cart
38:25 Town Patrol
Connection lost

Rejoining the realm…

Still unreachable

The connection could not be restored.

Session expired

The server has moved on; the page needs a fresh start.